Map: Pillars of Gold LE

Players

Robbie (Rob)

  • Race: Protoss Protoss
  • League: Grandmaster
  • Spawn Location: 1:00

Future - Winner!

  • Race: Terran Terran
  • Spawn Location: 7:00

Event: DreamHack SC2 Masters 2020 Fall

VOD

Have the link to the VOD?

Description

Time

  • Played on: Sept. 3, 2020, 6:17 p.m.
  • Length: 7:12

All games in this series

Show
View Real Time Build Order
Export as new Build Order

Robbie Protoss 

Build Orders:  

Get SALT Encoding   

  12  0:00  Probe  
  13  0:12  Probe  
  14  0:19  Pylon  
  14  0:24  Probe  
  15  0:37  Probe (Chrono Boost)  
  15  0:39  Gateway  
  16  0:46  Probe (Chrono Boost)  
  17  0:51  Probe (Chrono Boost)  
  17  0:53  Assimilator  
  18  1:00  Assimilator  
  18  1:03  Probe  
  19  1:15  Probe  
  20  1:24  Pylon  
  20  1:27  Probe  
  20  1:28  Cybernetics Core  
  21  1:39  Probe  
  22  1:51  Probe  
  23  2:02  Adept (Chrono Boost)  
  23  2:04  Stargate, Probe  
  26  2:08  Warp Gate, Pylon  
  26  2:25  Adept  
  26  2:29  Probe  
  28  2:39  Void Ray (Chrono Boost)  
  28  2:50  Gateway  
  32  2:57  Probe  
  32  3:07  Void Ray (Chrono Boost)  
  32  3:11  Adept  
  37  3:25  Probe  
  38  3:52  Pylon  
  36  4:02  Pylon  
  36  4:04  Void Ray (Chrono Boost)  
  32  4:19  Probe  
  32  4:20  Twilight Council  
  32  4:23  Nexus  
  31  4:30  Sentry, Stalker  
  35  4:32  Probe  
  36  4:44  Probe  
  37  4:48  Void Ray  
  37  4:56  Probe  
  42  5:00  Gateway  
  42  5:08  Probe  
  43  5:18  Blink (Chrono Boost)  
  43  5:20  Probe  
  42  5:26  Gateway  
  42  5:27  Pylon  
  42  5:34  Probe  
  43  5:36  Probe  
  43  5:46  Probe  
  43  5:48  Stalker x2  
  48  5:52  Probe  
  49  5:58  Probe  
  49  6:04  Shield Battery  
  50  6:06  Shield Battery  
  50  6:09  Stalker  
  52  6:14  Stalker  
  54  6:21  Stalker  
  49  6:40  Stalker x3  
  49  6:46  Pylon  
  52  6:51  Stalker  
Show
View Real Time Build Order
Export as new Build Order

Future Terran - Winner!

Build Orders: Reaper Expand 

Get SALT Encoding   

  12  0:00  SCV  
  13  0:12  SCV  
  14  0:17  Supply Depot  
  14  0:24  SCV  
  15  0:39  SCV  
  15  0:41  Barracks  
  16  0:44  Refinery  
  16  0:51  SCV  
  17  1:03  SCV  
  18  1:15  SCV  
  19  1:28  Orbital Command, Reaper  
  20  1:43  Command Center  
  20  1:53  Supply Depot  
  20  1:55  SCV  
  20  2:00  Marine  
  22  2:06  Factory  
  22  2:07  SCV  
  23  2:09  Refinery  
  23  2:17  Bunker  
  23  2:18  Marine  
  23  2:19  SCV  
  25  2:23  Supply Depot  
  25  2:31  SCV  
  25  2:35  Marine  
  27  2:43  SCV  
  27  2:51  Factory Tech Lab  
  27  2:53  Starport  
  27  2:54  Supply Depot  
  27  2:55  SCV  
  27  2:56  Marine  
  29  3:01  Supply Depot  
  29  3:07  SCV  
  29  3:11  Cyclone  
  33  3:15  Marine  
  34  3:25  Engineering Bay  
  34  3:29  Supply Depot  
  34  3:38  Viking  
  36  3:45  SCV  
  35  3:52  Supply Depot  
  35  3:56  Marine  
  35  3:57  Cyclone  
  35  4:01  SCV  
  39  4:13  Viking  
  39  4:16  Marine  
  38  4:19  SCV  
  37  4:29  Cyclone  
  40  4:36  SCV  
  40  4:37  Missile Turret  
  41  4:45  Viking  
  43  4:53  Barracks Reactor  
  43  4:56  SCV  
  43  4:57  Supply Depot  
  44  5:06  Siege Tank  
  46  5:31  Missile Turret, Marine x2  
  46  5:32  Medivac  
  50  5:38  Siege Tank  
  53  5:46  Supply Depot  
  53  5:49  Marine x2  
  54  6:03  Command Center  
  54  6:10  Marine x2  
  56  6:18  Factory Tech Lab  
  56  6:24  Viking  
  58  6:28  Marine x2  
  58  6:38  SCV  
  54  6:52  SCV  

Tags
 
Add a new tag
Caveats
  • Supply blocks, unpowered buildings, or Contaminate may cause inaccurate times.
  • Supply counts are checked every 10 seconds.